 Dungeon Crawl Stone Soup version 0.26-a0-599-gc8f6553d2c (webtiles) character file.

Game seed: 13121517355167771796

28 ANON1729 the Shooter (level 3, 0/33 HPs)
             Began as a Naga Hunter on Aug 29, 2020.
             Slain by a hobgoblin
             ... wielding a +0 club
             ... led by Robin
              (6 damage)
             ... on level 1 of the Dungeon.
             The game lasted 00:01:55 (912 turns).

ANON1729 the Shooter (Naga Hunter)                   Turns: 912, Time: 00:01:55

Health: 0/33       AC:  3    Str: 15    XL:     3   Next: 12%
Magic:  3/3        EV:  9    Int: 11    God:
Gold:   45         SH:  0    Dex: 11    Spells: 2/2 levels left

rFire    . . .     SeeInvis +   b - +0 short sword
rCold    . . .     Faith    .   (no shield)
rNeg     . . .     Spirit   .   c - +0 leather armour
rPois    +         Reflect  .   (no helmet)
rElec    .         Harm     .   f - +0 cloak
rCorr    .                      (no gloves)
MR       .....                  (no barding)
Stlth    ++........             (no amulet)
HPRegen  0.11/turn              (no ring)
MPRegen  0.08/turn              (no ring)

@: very slow
A: large, see invisible, deformed body, poison resistance, slowness 2, spit
poison 1, AC +1
a: Spit Poison


You were on level 1 of the Dungeon.
You visited 1 branch of the dungeon, and saw 2 of its levels.

You collected 45 gold pieces.

Inventory:

Hand Weapons
 a - a +1 shortbow
 b - a +0 short sword (weapon)
 m - a +4 dagger
Missiles
 d - 20 arrows
Armour
 c - a +0 leather armour (worn)
 f - a +0 cloak (worn)
Scrolls
 h - a scroll of identify {unknown}
 i - a scroll of magic mapping {unknown}
 k - a scroll of noise {unknown}
 l - a scroll of enchant weapon {unknown}
Potions
 e - a potion of curing {unknown}
 g - 2 potions of heal wounds {unknown}
 j - a potion of magic {unknown}


   Skills:
 + Level 2.3 Fighting
 * Level 3.9 Bows
 + Level 0.3 Armour
 + Level 1.9 Dodging
 + Level 2.5 Stealth


You had 2 spell levels left.
You didn't know any spells.
Your spell library was empty.

Dungeon Overview and Level Annotations

Branches:
Dungeon (2/15)

Altars:

Annotations:
D:2 Robin


Innate Abilities, Weirdness & Mutations

You cannot wear boots.
Your serpentine skin is tough. (AC +1)
You have supernaturally acute eyesight. (SInv)
Armour fits poorly on your strangely shaped body.
Your system is resistant to poisons. (rPois)
You cover ground very slowly.
You can spit poison.


Message History

The goblin hits you but does no damage.
A goblin comes into view.
A goblin comes into view. It is wielding a -2 club.
The hobgoblin hits you with a +0 club.
You see here a giant cockroach corpse.
The goblin hits you with a +0 club.
* * * LOW HITPOINT WARNING * * *
The hobgoblin barely misses you.
The hobgoblin hits you but does no damage.
There is a stone staircase leading up here.
The goblin closely misses you. The hobgoblin hits you with a +0 club.
* * * LOW HITPOINT WARNING * * *
The hobgoblin hits you with a +0 club.
* * * LOW HITPOINT WARNING * * *
You climb upwards.
There is a stone staircase leading down here.
You hit the hobgoblin.
The hobgoblin is moderately wounded.
The hobgoblin hits you with a +0 club.
You die...

...# ##.######
#########.########
#.............#
####.....#######.#
.........# #.#
####.##### #.#
..##.###########)#
#..............#g#
........[.....gg@#
#####..........###
##.######### #.#
######.#
#...##.######
#...##.#....#
....##.#....#
#...##.#....#


You could see 2 hobgoblins and a goblin.

Vanquished Creatures
  A dart slug (D:1)
  A ball python (D:1)
  3 giant cockroaches
  3 goblins
  2 hobgoblins (D:1)
  4 bats
  3 frilled lizards (D:1)
  A kobold (D:1)
  8 rats (D:1)
26 creatures vanquished.

Notes
Turn   | Place    | Note
-------+----------+-------------------------------------------
     0 | D:1      | ANON1729 the Naga Hunter began the quest for the Orb.
     0 | D:1      | Reached XP level 1. HP: 19/19 MP: 1/1
   135 | D:1      | Reached XP level 2. HP: 22/26 MP: 2/2
   836 | D:2      | Reached XP level 3. HP: 28/33 MP: 3/3
   891 | D:2      | Noticed Robin
   912 | D:1      | Slain by a hobgoblin

Illustrated notes

Levels and vault maps discovered:
D:1:      matt_arrival_grand_opening, layout_basic
D:2:      layout_basic, elyvilon_altar_1, minmay_octomino_c4, uniq_natasha,
          uniq_terence, uniq_robin

Skill      XL: |  1 |
---------------+----+-----
Stealth        | 2 |  2.5
Fighting       | |  2.3
Bows           | |  3.9
Armour         | |  0.3
Dodging        | |  1.9

Action                   || total
-------------------------++-------
Melee: Short sword       ||    89
 Fire: Shortbow          ||     7
 Stab: Sleeping          ||     2
Armor: Leather armour    ||    37
Dodge: Dodged            ||    58

Table legend: (Time is in decaauts)
 A = Elapsed time spent in this place.
 B = Non-inter-level travel time spent in this place.
 C = Inter-level travel time spent in this place.
 D = Time resting spent in this place.
 E = Time spent auto-exploring this place.
 F = Levels seen in this place.
 G = Mean time per level.
                   A        B        C        D        E       F      G
               +--------+--------+--------+--------+--------+-----+--------+
         Total |   1217 |   1121 |     96 |     47 |    822 |   2 |  608.5 |
       Dungeon |   1217 |   1121 |     96 |     47 |    822 |   2 |  608.5 |
               +--------+--------+--------+--------+--------+-----+--------+

Top non-repeatable levels by time:
     D:1: 1119 daAuts
     D:2: 98 daAuts
